 Dungeon Crawl Stone Soup version 0.30-a0-862-g1aabd4f9c5 (webtiles) character file.

Game seed: 14924963152504451869

60 Pimp the Sneak (level 3, -4/16 HPs)
             Began as a Spriggan Enchanter on Mar 9, 2023.
             Slain by a sleepcap (19 damage)
             ... on level 3 of the Dungeon.
             The game lasted 00:04:19 (2079 turns).

Pimp the Sneak (Spriggan Enchanter)                 Turns: 2079, Time: 00:04:20

Health: -4/16      AC:  2    Str:  4    XL:     3   Next: 80%
Magic:  2/2        EV:  4    Int: 18    God:
Gold:   102        SH:  0    Dex: 15    Spells: 0/8 levels left

rFire   . . .      SeeInvis +    k - +3 dagger (antimagic)
rCold   . . .      Faith    .    (no shield)
rNeg    . . .      Spirit   .    b - +0 robe
rPois   .          Reflect  .    (helmet restricted)
rElec   .          Rampage  .    (no cloak)
rCorr   +                        (gloves unavailable)
Will    .....                    (boots unavailable)
Stlth   +++                      (no amulet)
HPRegen 0.22/turn                m - ring of resist corrosion
MPRegen 0.08/turn                (no ring)

@: sleeping, very quick
A: very small, no large weapons, unfitting armour, see invisible, speed 3
a: no special abilities


You were on level 3 of the Dungeon.
You visited 1 branch of the dungeon, and saw 3 of its levels.

You collected 144 gold pieces.
You spent 42 gold pieces at shops.

Inventory:

Hand Weapons
 a - a +1 dagger
 k - a +3 antimagic dagger (weapon)
Armour
 b - a +0 robe (worn)
Jewellery
 m - a ring of resist corrosion (left hand)
Scrolls
 d - 2 scrolls of enchant weapon
 e - a scroll of magic mapping
 f - a scroll of poison
 h - a scroll of teleportation
 i - a scroll of acquirement {unknown}
 l - a scroll of vulnerability {unknown}
 n - a scroll of torment {unknown}
Potions
 c - 2 potions of invisibility
 g - a potion of resistance
 j - 3 potions of curing {unknown}


   Skills:
 + Level 2.0 Short Blades
 + Level 3.4 Dodging
 + Level 5.1 Stealth
 + Level 3.3 Spellcasting
 + Level 4.1 Hexes


You couldn't memorise any spells.
You knew the following spells:

 Your Spells              Type           Power      Damage    Failure   Level
a - Confusing Touch       Hex            17%        N/A       9%          3
b - Tukima's Dance        Hex            17%        N/A       9%          3
c - Ensorcelled Hibernat  Hex/Ice        20%        N/A       11%         2

Your spell library contained the following spells:

 Spells                   Type           Power      Damage    Failure   Level
 Dazzling Flash           Conj/Hex       20%        N/A       21%         3
 Inner Flame              Hex/Fire       10%        N/A       21%         3
 Flame Wave               Conj/Fire      3%         2d5       83%         4
 Sticky Flame             Conj/Fire      3%         2d3       83%         4


Dungeon Overview and Level Annotations

Branches:
Dungeon (3/15)

Altars:

Shops:
D:1 *   D:2 ?   D:3 *


Innate Abilities, Weirdness & Mutations

You are very small and have problems with some larger weapons.
You are too small for most types of armour.
You have supernaturally acute eyesight. (SInv)
You cover ground extremely quickly. (Speed+++)


Message History

The ball python barely misses you. The ball python grabs you.
The ball python constricts you.
You escape the ball python's grasp.
Cast which spell? (? or * to list)
Aiming: Ensorcelled Hibernation (safe; 11% risk of failure)
Press: ? - help, Shift-Dir - straight line, f - ball python
Aim: a ball python (chance to affect: 62%)
The ball python resists with significant effort.
You hit the ball python.
The ball python is severely wounded.
The ball python bites you. The ball python completely misses you.
You hit the ball python.
You kill the ball python!
You hit the rat.
You kill the rat!
Things that are here:
a rat corpse; a ball python corpse You start resting.
Magic restored.
You now have 102 gold pieces (gained 13).
A sleepcap comes into view.
A sleepcap is nearby!
Casting: Ensorcelled Hibernation (safe; 11% risk of failure)
Confirm with . or Enter, or press ? or * to list all spells.
You can't see any susceptible monsters within range! (Use Z to cast anyway.) Unknown command.
You hit the sleepcap.
The sleepcap is lightly damaged.
The sleepcap misses you.
You hit the sleepcap but do no damage.
The sleepcap is lightly damaged.
The sleepcap closely misses you.
You hit the sleepcap but do no damage.
The sleepcap is lightly damaged.
The sleepcap releases spores at you.
You are engulfed in a cloud of soporific spores!
You fall asleep.
The sleepcap releases spores at you!!
Ouch! That really hurt!
You die...

##...#>...........#
###.
########.....###.####..
#.....##### #.(..#..
*#######.###.# ###..#..
*........###.# #.....
*.........##†# #.##..
*.........##.####
#.##..
*######.........#
#.##.# ##.†@#.##.#
#.##.#
##..f.#*,####*#.##.#
####...##.....,#.##.#
#..........#**,#.##.#
#..........#**,...*,,
#...........#***,,,,,
#.......?.....,,,,,*,
#.........^###*,,,>**
#..........#****,,,,,


You could see a sleepcap.

Vanquished Creatures
  2 adders (D:2)
  3 dart slugs
  4 ball pythons
  4 giant cockroaches
  3 hobgoblins
  3 jackals (D:2)
  2 kobolds
  4 bats
  3 frilled lizards
  2 goblins
  3 rats
  A spectral hobgoblin (D:2)
34 creatures vanquished.

Notes
Turn   | Place    | Note
-------+----------+-------------------------------------------
     0 | D:1      | Pimp the Spriggan Enchanter began the quest for the Orb.
     0 | D:1      | Reached XP level 1. HP: 9/9 MP: 5/5
   255 | D:1      | Found Reog's Assorted Antiques.
  1033 | D:1      | Reached XP level 2. HP: 13/13 MP: 2/6
  1191 | D:2      | Found a faded altar of an unknown god.
  1360 | D:2      | Reached XP level 3. HP: 10/16 MP: 2/8
  1364 | D:2      | Learned a level 3 spell: Confusing Touch
  1368 | D:2      | Learned a level 3 spell: Tukima's Dance
  1371 | D:2      | Learned a level 2 spell: Ensorcelled Hibernation
  1699 | D:2      | Found Biler's Magic Scroll Emporium.
  1718 | D:2      | Reached skill level 5 in Stealth
  1945 | D:3      | Found Poplithimi's Assorted Antiques.
  1951 | D:3      | Bought a scroll labelled TALIVIAGIA for 21 gold pieces
  1951 | D:3      | Bought a scroll labelled BOUTTI PIGI for 21 gold pieces
  2079 | D:3      | Slain by a sleepcap

Illustrated notes

Levels and vault maps discovered:
D:1:      evilmike_arrival_rings, layout_basic, serial_shops, shop_statue,
          chequers_serial_rivers_small_3
D:2:      minmay_door_path, layout_rooms, serial_shops, nicolae_shop_crystal,
          dreamdust_ecumenical_altar_drowned_temple, kennysheep_generic_room_4
D:3:      layout_rooms, serial_shops, nicolae_shop_waterfront, nrook_campfire

Skill      XL: |  1  2  3 |
---------------+----------+-----
Dodging        | 3 |  3.4
Spellcasting   | 3 |  3.3
Hexes          | 4 |  4.1
Short Blades   | 2 |  2.0
Stealth        | 5 |  5.1

Action                     || total
---------------------------++-------
  Melee: Dagger            ||   107
   Cast: Ensorcelled Hiber ||     1
    Use: Scroll            ||     7
   Stab: Sleeping          ||     8
         Distracted        ||     1
 Armour: Robe              ||    11
  Dodge: Dodged            ||    85

Table legend: (Time is in decaauts)
 A = Elapsed time spent in this place.
 B = Non-inter-level travel time spent in this place.
 C = Inter-level travel time spent in this place.
 D = Time resting spent in this place.
 E = Time spent auto-exploring this place.
 F = Levels seen in this place.
 G = Mean time per level.
                   A        B        C        D        E       F      G
               +--------+--------+--------+--------+--------+-----+--------+
         Total |   1413 |   1398 |     15 |    207 |    885 |   3 |  471.0 |
       Dungeon |   1413 |   1398 |     15 |    207 |    885 |   3 |  471.0 |
               +--------+--------+--------+--------+--------+-----+--------+

Top non-repeatable levels by time:
     D:1: 718 daAuts
     D:2: 586 daAuts
     D:3: 107 daAuts
